 Dungeon Crawl Stone Soup version 0.21.0-37-g46506fa (webtiles) character file.

1091 tidbits the Insei (level 8, -5/60 HPs)
             Began as a Gnoll Transmuter on Feb 1, 2018.
             Was an Initiate of Cheibriados.
             Slain by Snorg (25 damage)
             ... on level 12 of the Dungeon.
             The game lasted 00:17:50 (1704 turns).

tidbits the Insei (Gnoll Transmuter)                Turns: 1704, Time: 00:17:52

Health: -5/60      AC:  2    Str: 17 (18) XL:     8   Next: 31%
Magic:  15/16      EV: 27    Int: 20      God:    Cheibriados [......]
Gold:   119        SH:  0    Dex: 21      Spells: 3/18 levels left

rFire    . . .     SeeInvis .     - Unarmed
rCold    . . .     Gourm    .   (shield currently unavailable)
rNeg     . . .     Faith    +   (armour currently unavailable)
rPois    .         Spirit   .   (helmet currently unavailable)
rElec    .         Reflect  .   (cloak currently unavailable)
rCorr    .         Harm     .   (gloves currently unavailable)
MR       .....                  (boots currently unavailable)
Stlth    +++.......             l - amulet of faith
HPRegen  0.20/turn              P - ring of poison resistance
MPRegen  0.15/turn              (no ring)

@: mighty, spider-form, very slow
A: tiny, distributed training, repulsion field 1, deterioration 1, strong nose
a: End Transformation, Bend Time, Renounce Religion


You were on level 12 of the Dungeon.
You worshipped Cheibriados.
Cheibriados was noncommittal.
You were full.
You were a venomous arachnid creature.
You visited 2 branches of the dungeon, and saw 13 of its levels.

You collected 293 gold pieces.
You spent 174 gold pieces at shops.

Inventory:

Hand Weapons
 a - a +0 dagger (melded)
 k - a +4 short sword
 m - a +0 short sword
 p - a cursed +0 hand axe
 y - a +0 war axe
Missiles
 f - 2 silver javelins
 g - 5 exploding tomahawks
 n - 92 stones
 s - 3 javelins (quivered)
Armour
 b - a +0 robe (melded)
Jewellery
 l - an amulet of faith (around neck)
   (You found it on level 3 of the Dungeon)
 P - a ring of poison resistance (left front leg)
   (You took it off an orc on level 6 of the Dungeon)
Scrolls
 e - a scroll of amnesia
 i - 5 scrolls of enchant weapon
 j - a scroll of enchant armour
 o - 2 scrolls of remove curse
 q - a scroll of blinking
 r - a scroll of random uselessness {unknown}
 w - 2 scrolls of magic mapping
 x - a scroll of fear
Potions
 t - a potion of cancellation
 v - 2 potions of curing
Books
 c - a book of Changes

   Spells                             Type                      Level
   a - Beastly Appendage              Transmutation                1
   b - Sticks to Snakes               Transmutation                2
   c - Spider Form                    Transmutation/Poison         3
   d - Ice Form                       Ice/Transmutation            4
   e - Blade Hands                    Transmutation                5
Comestibles
 d - 6 rations


   Skills:
 + Level 4.1 Fighting
 + Level 3.1 Short Blades
 + Level 3.1 Long Blades
 + Level 3.1 Axes
 + Level 3.1 Maces & Flails
 + Level 3.1 Polearms
 + Level 3.1 Staves
 + Level 3.1 Slings
 + Level 3.1 Bows
 + Level 3.1 Crossbows
 + Level 3.1 Throwing
 + Level 3.1 Armour
 + Level 5.6 Dodging
 + Level 3.1 Stealth
 + Level 3.1 Shields
 + Level 7.3 Unarmed Combat
 + Level 5.9 Spellcasting
 + Level 2.5 Conjurations
 + Level 2.5 Hexes
 + Level 2.5 Charms
 + Level 2.5 Summonings
 + Level 2.5 Necromancy
 + Level 2.5 Translocations
 + Level 4.6 Transmutations
 + Level 2.5 Fire Magic
 + Level 2.5 Ice Magic
 + Level 2.5 Air Magic
 + Level 2.5 Earth Magic
 + Level 2.5 Poison Magic
 + Level 3.4 Invocations
 + Level 3.1 Evocations


You had 3 spell levels left.
You knew the following spells:

 Your Spells              Type           Power        Failure   Level  Hunger
e - Beastly Appendage     Tmut           ###...       7%          1    None
h - Blade Hands           Tmut           ###.......   63%         5    #####..
i - Ice Form              Ice/Tmut       ###.....     45%         4    ####...
k - Sticks to Snakes      Tmut           ###.....     9%          2    None
p - Spider Form           Tmut/Pois      ###.......   19%         3    ##.....


Dungeon Overview and Level Annotations

Branches:
Dungeon (12/15)            Temple (1/1) D:7             Orc (0/2) D:9
   Lair: D:8-11

Altars:
Ashenzari
Cheibriados
Elyvilon
Fedhas
Gozag
Hepliaklqana
Kikubaaqudgha
Nemelex Xobeh
Okawaru
Ru
Trog
Uskayaw
Wu Jian
Xom
Yredelemnul
Zin
The Shining One

Shops:
D:6 ?

Annotations:
D:12 Snorg


Innate Abilities, Weirdness & Mutations

Your experience applies equally to all skills.
((You have very sharp teeth.))
Your uncanny sense of smell can sniff out nearby items.
You are surrounded by a mild repulsion field. (EV +2)
Your body sometimes deteriorates upon taking damage.


Message History

Things that are here:
a mace; a leather armour; an orc corpse
Things that are here:
a hand axe; a leather armour; an orc corpse You see here 20 gold pieces.
You now have 119 gold pieces (gained 20).
Your transformation has ended.
Your +0 dagger unmelds from your body.
Your +0 robe unmelds from your body.
You open the door.
There is an open door here.
Found an escape hatch in the floor.
Unknown command. 2 howler monkeys come into view.
The howler monkey howls!
Casting: Spider Form
Confirm with . or Enter, or press ? or * to list all spells.
You turn into a venomous arachnid creature.
Your +0 dagger melds into your body.
Your +0 robe melds into your body.
The howler monkey howls!
The howler monkey hoots and howls with incredible vigour!
Unknown command.
Found a ration.
The howler monkey hoots and howls with incredible vigour!
You hear a shout!
The howler monkey barely misses you. x2
The howler monkey hoots and howls with incredible vigour!
You hear an angry hiss.
You see here a ration.
The howler monkey hoots and howls with incredible vigour!
The howler monkey misses you.
You bite the howler monkey!
The howler monkey is heavily wounded.
The howler monkey completely misses you.
You hit the howler monkey.
The howler monkey is poisoned.
The howler monkey is almost dead.
You hit the howler monkey.
The howler monkey is poisoned.
The howler monkey is moderately wounded.
You kill the howler monkey!
Cheibriados thoroughly appreciates the change of pace.
Your Invocations skill increases to level 3!
A komodo dragon comes into view.
You hit the howler monkey.
The howler monkey looks as sick as possible!
The howler monkey is moderately wounded.
The howler monkey closely misses you.
You hit the howler monkey.
The howler monkey looks as sick as possible!
The howler monkey is severely wounded.
You kill the howler monkey!
Cheibriados thoroughly appreciates the change of pace.
Unknown command.
Snorg the Insatiable comes into view.
You see here a ration.
Okay, then.
Okay, then.
You feel very mighty all of a sudden.
The phantom blinks!
The komodo dragon closely misses you.
The phantom blinks!
The komodo dragon bites you.
You bite the komodo dragon!
The komodo dragon looks as sick as possible!
The komodo dragon is moderately wounded.
You bite the komodo dragon!
The komodo dragon looks as sick as possible!
The komodo dragon is heavily wounded.
The komodo dragon misses you.
You maul the komodo dragon!!
You kill the komodo dragon!
Cheibriados appreciates the change of pace.
Your Fighting skill increases to level 4!
Your Short Blades skill increases to level 3!
Your Long Blades skill increases to level 3!
Your Axes skill increases to level 3!
Your Maces & Flails skill increases to level 3!
Your Polearms skill increases to level 3!
Your Staves skill increases to level 3!
Your Slings skill increases to level 3!
Your Bows skill increases to level 3!
Your Crossbows skill increases to level 3!
Your Throwing skill increases to level 3!
Your Armour skill increases to level 3!
Your Stealth skill increases to level 3!
Your Shields skill increases to level 3!
Your Evocations skill increases to level 3!
You have reached level 8!
You feel clever.
Snorg goes berserk!
Okay, then.
Unknown command.
Snorg completely misses you. Snorg misses you. Snorg completely misses you.
You see here a ration.
You maul Snorg!!
Snorg is poisoned.
Snorg is lightly wounded.
Snorg bites you!!
Your body deteriorates!
You feel weakened. Snorg misses you. Snorg claws you!
* * * LOW HITPOINT WARNING * * *
The phantom blinks!
You maul Snorg!!
Snorg looks as sick as possible!
Snorg is moderately wounded.
Snorg bites you!!
You die...

.# ###.### .......
....... ..... #..... ...
#....
##########'########....
...ยง...Ts.............
........######......#
#.......# #......# .
#..>....# #......# .
#.......######...).)####.
#
.W..................)....
#
###############'###......
# #........#...... # ..#
#........#......


You could see Snorg (berserk) and a phantom.

Vanquished Creatures
  A komodo dragon (D:12)
  A black bear (D:6)
  3 crocodiles (D:8)
  A bullfrog (D:6)
  2 howler monkeys (D:12)
  A crimson imp (D:6)
  A bullfrog zombie (D:6)
  A centaur zombie (D:6)
  2 orc priests
  2 hounds
  An orc wizard (D:5)
  An iguana (D:6)
  A worker ant zombie (D:7)
  A howler monkey skeleton (D:6)
  2 adders (D:6)
  An ooze (D:3)
  A dart slug (D:1)
  A worm (D:2)
  9 orcs
  4 bats
  2 giant cockroaches
  3 goblins
  3 hobgoblins
  2 jackals (D:3)
  2 quokkas
  A ball python (D:3)
  7 frilled lizards
  3 kobolds
  3 rats
63 creatures vanquished.

Vanquished Creatures (others)
  7 fungi (D:8)
7 creatures vanquished.

Grand Total: 70 creatures vanquished

Notes
Turn   | Place    | Note
-------+----------+-------------------------------------------
     0 | D:1      | tidbits the Gnoll Transmuter began the quest for the Orb.
     0 | D:1      | Reached XP level 1. HP: 17/17 MP: 6/6
   127 | D:3      | Reached XP level 2. HP: 9/23 MP: 5/7
   131 | D:3      | Learned a level 2 spell: Sticks to Snakes
   344 | D:3      | Reached XP level 3. HP: 16/28 MP: 7/9
   416 | D:2      | Reached skill level 5 in Spellcasting
   470 | D:2      | Learned a level 3 spell: Spider Form
   526 | D:1      | Reached skill level 1 in Invocations
   692 | D:5      | Entered Level 5 of the Dungeon
   716 | D:5      | Reached skill level 1 in Short Blades
   716 | D:5      | Reached skill level 1 in Long Blades
   716 | D:5      | Reached skill level 1 in Axes
   716 | D:5      | Reached skill level 1 in Maces & Flails
   716 | D:5      | Reached skill level 1 in Polearms
   716 | D:5      | Reached skill level 1 in Staves
   716 | D:5      | Reached skill level 1 in Slings
   716 | D:5      | Reached skill level 1 in Bows
   716 | D:5      | Reached skill level 1 in Crossbows
   716 | D:5      | Reached skill level 1 in Throwing
   716 | D:5      | Reached skill level 1 in Armour
   716 | D:5      | Reached skill level 1 in Stealth
   716 | D:5      | Reached skill level 1 in Shields
   716 | D:5      | Reached skill level 1 in Evocations
   716 | D:5      | Reached XP level 4. HP: 34/34 MP: 7/11
   721 | D:5      | Reached skill level 1 in Conjurations
   721 | D:5      | Reached skill level 1 in Hexes
   721 | D:5      | Reached skill level 1 in Charms
   721 | D:5      | Reached skill level 1 in Summonings
   721 | D:5      | Reached skill level 1 in Necromancy
   721 | D:5      | Reached skill level 1 in Translocations
   721 | D:5      | Reached skill level 1 in Fire Magic
   721 | D:5      | Reached skill level 1 in Ice Magic
   721 | D:5      | Reached skill level 1 in Air Magic
   721 | D:5      | Reached skill level 1 in Earth Magic
   721 | D:5      | Reached skill level 1 in Poison Magic
   780 | D:6      | Noticed a bullfrog
   786 | D:6      | Killed a bullfrog
   786 | D:6      | Reached skill level 3 in Fighting
   786 | D:6      | Reached XP level 5. HP: 36/41 MP: 5/12
   812 | D:6      | Reached skill level 4 in Transmutations
   888 | D:6      | Reached skill level 2 in Invocations
   888 | D:6      | Reached XP level 6. HP: 39/47 MP: 7/13
   948 | D:6      | Reached skill level 5 in Dodging
   980 | D:6      | Reached skill level 2 in Short Blades
   980 | D:6      | Reached skill level 2 in Long Blades
   980 | D:6      | Reached skill level 2 in Axes
   980 | D:6      | Reached skill level 2 in Maces & Flails
   980 | D:6      | Reached skill level 2 in Polearms
   980 | D:6      | Reached skill level 2 in Staves
   980 | D:6      | Reached skill level 2 in Slings
   980 | D:6      | Reached skill level 2 in Bows
   980 | D:6      | Reached skill level 2 in Crossbows
   980 | D:6      | Reached skill level 2 in Throwing
   980 | D:6      | Reached skill level 2 in Armour
   980 | D:6      | Reached skill level 2 in Stealth
   980 | D:6      | Reached skill level 2 in Shields
   980 | D:6      | Reached skill level 2 in Evocations
   986 | D:6      | Noticed a black bear
   992 | D:6      | Killed a black bear
  1020 | D:6      | Found Xana's Magic Scroll Shop.
  1028 | D:6      | Reached XP level 7. HP: 37/52 MP: 11/15
  1033 | D:6      | Bought a scroll of magic mapping for 45 gold pieces
  1033 | D:6      | Bought a scroll of remove curse for 39 gold pieces
  1033 | D:6      | Bought a scroll of magic mapping for 45 gold pieces
  1033 | D:6      | Bought a scroll of fear for 45 gold pieces
  1063 | D:7      | Found an iron altar of Okawaru.
  1064 | D:7      | Found a shimmering altar of Xom.
  1064 | D:7      | Found a glowing golden altar of the Shining One.
  1067 | D:7      | Found a blossoming altar of Fedhas.
  1069 | D:7      | Found a white marble altar of Elyvilon.
  1069 | D:7      | Found a hide-covered altar of Uskayaw.
  1070 | D:7      | Found a glowing silver altar of Zin.
  1175 | D:7      | Found a staircase to the Ecumenical Temple.
  1180 | Temple   | Entered the Ecumenical Temple
  1206 | Temple   | Became a worshipper of Cheibriados the Contemplative
  1344 | D:8      | Reached skill level 7 in Unarmed Combat
  1399 | D:8      | Reached skill level 2 in Conjurations
  1399 | D:8      | Reached skill level 2 in Hexes
  1399 | D:8      | Reached skill level 2 in Charms
  1399 | D:8      | Reached skill level 2 in Summonings
  1399 | D:8      | Reached skill level 2 in Necromancy
  1399 | D:8      | Reached skill level 2 in Translocations
  1399 | D:8      | Reached skill level 2 in Fire Magic
  1399 | D:8      | Reached skill level 2 in Ice Magic
  1399 | D:8      | Reached skill level 2 in Air Magic
  1399 | D:8      | Reached skill level 2 in Earth Magic
  1399 | D:8      | Reached skill level 2 in Poison Magic
  1417 | D:8      | Learned a level 4 spell: Ice Form
  1429 | D:8      | Learned a level 5 spell: Blade Hands
  1460 | D:9      | Found a staircase to the Orcish Mines.
  1465 | D:9      | lair?!
  1480 | D:10     | Entered Level 10 of the Dungeon
  1501 | D:9      | You fall through a shaft for 2 floors!
  1520 | D:12     | Gained mutation: Your body sometimes deteriorates upon taking damage. [potion of mutation]
  1520 | D:12     | Gained mutation: You are surrounded by a mild repulsion field. (EV +2) [potion of mutation]
  1693 | D:12     | Reached skill level 3 in Invocations
  1694 | D:12     | Noticed a komodo dragon
  1696 | D:12     | Noticed Snorg
  1701 | D:12     | Killed a komodo dragon
  1701 | D:12     | Reached skill level 4 in Fighting
  1701 | D:12     | Reached skill level 3 in Short Blades
  1701 | D:12     | Reached skill level 3 in Long Blades
  1701 | D:12     | Reached skill level 3 in Axes
  1701 | D:12     | Reached skill level 3 in Maces & Flails
  1701 | D:12     | Reached skill level 3 in Polearms
  1701 | D:12     | Reached skill level 3 in Staves
  1701 | D:12     | Reached skill level 3 in Slings
  1701 | D:12     | Reached skill level 3 in Bows
  1701 | D:12     | Reached skill level 3 in Crossbows
  1701 | D:12     | Reached skill level 3 in Throwing
  1701 | D:12     | Reached skill level 3 in Armour
  1701 | D:12     | Reached skill level 3 in Stealth
  1701 | D:12     | Reached skill level 3 in Shields
  1701 | D:12     | Reached skill level 3 in Evocations
  1701 | D:12     | Reached XP level 8. HP: 58/60 MP: 14/16
  1704 | D:12     | Slain by Snorg

Skill      XL: |  1  2  3  4  5  6  7 |
---------------+----------------------+-----
Spellcasting   | 5 |  5.9
Invocations    | 1 2 3 |  3.4
Short Blades   | 1 2 3 |  3.1
Long Blades    | 1 2 3 |  3.1
Axes           | 1 2 3 |  3.1
Maces & Flails | 1 2 3 |  3.1
Polearms       | 1 2 3 |  3.1
Staves         | 1 2 3 |  3.1
Slings         | 1 2 3 |  3.1
Bows           | 1 2 3 |  3.1
Crossbows      | 1 2 3 |  3.1
Throwing       | 1 2 3 |  3.1
Armour         | 1 2 3 |  3.1
Stealth        | 1 2 3 |  3.1
Shields        | 1 2 3 |  3.1
Evocations     | 1 2 3 |  3.1
Conjurations   | 1 2 |  2.5
Hexes          | 1 2 |  2.5
Charms         | 1 2 |  2.5
Summonings     | 1 2 |  2.5
Necromancy     | 1 2 |  2.5
Translocations | 1 2 |  2.5
Fire Magic     | 1 2 |  2.5
Ice Magic      | 1 2 |  2.5
Air Magic      | 1 2 |  2.5
Earth Magic    | 1 2 |  2.5
Poison Magic   | 1 2 |  2.5
Fighting       | 3 4 |  4.1
Transmutations | 4 |  4.6
Dodging        | 5 |  5.6
Unarmed Combat | 7 |  7.3

Action                   |  1- 3 |  4- 6 |  7- 9 || total
-------------------------+-------+-------+-------++-------
Melee: Unarmed           |    83 |    56 |    37 ||   176
       Kick              |     2 |       |       ||     2
       Headbutt          |     9 |       |       ||     9
       Bite              |     2 |     1 |       ||     3
       Punch             |     1 |       |       ||     1
Throw: Javelin           |     2 |       |       ||     2
 Cast: Beastly Appendage |    14 |       |     1 ||    15
       Spider Form       |     4 |    10 |     7 ||    21
       Sticks to Snakes  |       |     3 |       ||     3
  Use: Scroll            |     3 |     1 |     5 ||     9
       Potion            |       |       |     4 ||     4
 Stab: Distracted        |       |     2 |       ||     2
       Sleeping          |       |     1 |     2 ||     3
  Eat: Ration            |     1 |       |     2 ||     3
Armor: Robe              |    10 |       |       ||    10
Dodge: Dodged            |    57 |    51 |    33 ||   141

Table legend:
 A = Turns spent in this place as a percentage of turns spent in the entire game.
 B = Non-inter-level travel turns spent in this place as a percentage of non-inter-level travel turns spent in the entire game.
 C = Inter-level travel turns spent in this place as a percentage of turns spent in this place.
 D = Turns resting spent in this place as a percentage of non-inter-level travel turns spent in this place.
 E = Turns spent auto-exploring this place as a percentage of non-inter-level travel turns spent in this place.
 F = Non-inter-level travel turns spent in this place divided by the number of levels of this place that you've seen.
                   A       B       C       D       E      F
               +-------+-------+-------+-------+-------+----------------------
         Total | 100.0 | 100.0 |   1.5 |   0.0 |   0.1 | 129.2
       Dungeon |  96.9 |  98.3 |   0.0 |   0.0 |   0.1 | 137.6
        Temple |   3.1 |   1.7 |  47.2 |   0.0 |   0.0 |  28.0
               +-------+-------+-------+-------+-------+----------------------

Table legend:
 A = Kills in this place as a percentage of kills in entire the game.
 B = Kills by you in this place as a percentage of kills by you in the entire game.
 C = Kills by friends in this place as a percentage of kills by friends in the entire game.
 D = Other kills in this place as a percentage of other kills in the entire game.
 E = Experience gained in this place as a percentage of experience gained in the entire game.
 F = Experience gained in this place divided by the number of levels of this place that you have seen.
                   A       B       C       D       E      F
               +-------+-------+-------+-------+-------+----------------------
         Total | 100.0 | 100.0 |   N/A |   N/A | 100.0 | 119.9
       Dungeon | 100.0 | 100.0 |   N/A |   N/A | 100.0 | 129.9
               +-------+-------+-------+-------+-------+----------------------

Vault maps used:
D:1:      scummos_arrival_forest
D:2:      nicolae_qazlal_style_of_elements
D:3:      first_ration, kennysheep_generic_room_7, uniq_jessica
D:4:      gup_sewer_entry_bowl, serial_shops, nicolae_shop_waterfront,
          nicolae_tso_swordbearing_angel
D:5:      gammafunk_temple_overflow_statue, grunt_dithmenos_smoke, basic_altar,
          serial_shops, shop
D:6:      serial_shops, shop, roderic_lattice_a, tgw_xom, uniq_menkaure
D:7:      grunt_temple_overflow_open, minmay_temple_entry_nine_rooms
D:8:      due_lair_maze_entry_diamond
D:9:      makhleb_altar_promises_db, orc_0_dummy, grunt_ogre_cave
D:10:     wad_guarded_room
D:11:     lab_entry_generic
D:12:     hangedman_decor_growths, uniq_snorg
Temple:   chequers_temple_sunken
